 Dungeon Crawl Stone Soup version 0.31-a0-210-gccc998df9b (webtiles) character file.

Game seed: 15531320116462749440

7823 qw the Cleaver (level 11, 0/71 HPs)
             Began as a Gargoyle Fighter on June 29, 2023.
             Was a Priest of Okawaru.
             Slain by a five-headed hydra (6 damage)
             ... on level 2 of the Lair of Beasts.
             The game lasted 00:04:20 (10762 turns).

qw the Cleaver (Gargoyle Fighter)                  Turns: 10762, Time: 00:04:21

Health: 0/71       AC: 30    Str: 26    XL:     11   Next: 21%
Magic:  14/14      EV: 11    Int: 11    God:    Okawaru [***...]
Gold:   361        SH: 11    Dex:  9    Spells: 10/10 levels left

rFire   + . .        k - +0 flail
rCold   . . .        c - +0 buckler
rNeg    + . .        r - +0 chain mail of the Good {Rampage Slay+2}
rPois   inf          i - +2 helmet
rElec   +            n - +0 cloak
rCorr   .            x - +0 pair of gloves
SInv    .            e - +2 pair of boots
Will    .....        f - amulet of reflection
Stlth   +            w - ring "Niweilerits" {Fly rF+ Str+2 Int+4 Stlth+}
HPRegen 0.31/turn    (no ring)
MPRegen 0.14/turn

%: reflection, rampage
@: about to teleport, heroic, flying
A: sickness immunity, AC +8, negative energy resistance 1, electricity
resistance, torment resistance 1, petrification resistance, dopey 1
a: Renounce Religion, Heroism


You were on level 2 of the Lair of Beasts.
You worshipped Okawaru.
Okawaru was most pleased with you.
You visited 3 branches of the dungeon, and saw 13 of its levels.

You collected 619 gold pieces.
You spent 258 gold pieces at shops.


Innate Abilities, Weirdness & Mutations

You are immune to sickness and miasma.
Your stone body is resilient. (AC +8)
You are immune to poison.
You resist negative energy. (rN+)
You are resistant to electric shocks. (rElec)
You are resistant to unholy torment.
You are immune to petrification.
You are dopey. (Int -2)


   Skills:
 - Level 9.0(14.0) Fighting
 + Level 11.5(16.5) Axes
 - Level 1.8(6.8) Throwing
 - Level 7.0(12.0) Armour
 - Level 2.5(7.5) Dodging
 - Level 5.1(10.1) Shields
 - Level 4.2 Invocations


You had 10 spell levels left.
You didn't know any spells.
Your spell library was empty.

Inventory:

Hand Weapons
 k - a +0 flail (weapon)
 Y - a +1 war axe
Missiles
 q - 5 boomerangs (quivered)
Armour
 c - a +0 buckler (worn)
 e - a +2 pair of boots (worn)
 i - a +2 helmet (worn)
 n - a +0 cloak (worn)
 r - the +0 chain mail of the Good (worn) {Rampage Slay+2}
   (You found it on level 5 of the Dungeon)

   Slay:      It affects your accuracy & damage with ranged weapons and melee
   (+2).
   Rampage:   It bestows one free step when moving towards enemies.
 x - a +0 pair of gloves (worn)
 z - a +2 ring mail of cold resistance
Jewellery
 f - an amulet of reflection (around neck)
 u - a ring of fire
 w - the ring "Niweilerits" (left hand) {Fly rF+ Str+2 Int+4 Stlth+}
   (You bought it in a shop on level 5 of the Dungeon)

   [ring of protection from fire]

   Str:       It affects your strength (+2).
   Int:       It affects your intelligence (+4).
   rF:        It protects you from fire.
   Fly:       It grants you flight.
   Stlth:     It makes you more stealthy.
Wands
 t - a wand of digging (12)
Scrolls
 g - a scroll of identify
 l - 2 scrolls of teleportation
Potions
 a - a potion of magic
 b - a potion of degeneration {unknown}
 d - 2 potions of might
 h - 2 potions of attraction
 j - a potion of ambrosia {unknown}
 m - a potion of enlightenment {unknown}
 o - a potion of berserk rage {unknown}
 p - a potion of cancellation {unknown}
 s - a potion of mutation
 v - 3 potions of curing
 A - a potion of resistance {unknown}

Dungeon Overview and Level Annotations

Branches:
Dungeon (10/15)            Temple (1/1) D:5            Lair (2/5) D:10
  Swamp: Lair:2-3    Shoals: Lair:2-3     Snake: Lair:2-3    Spider: Lair:2-3
    Orc: D:9-12

Altars:
Ashenzari
Cheibriados
Dithmenos
Elyvilon
Fedhas
Gozag
Hepliaklqana
Makhleb
Nemelex Xobeh
Okawaru
Qazlal
Ru
Sif Muna
Trog
Uskayaw
Vehumet
Wu Jian
Xom
Yredelemnul
Zin
The Shining One

Shops:
D:5 *


Message History

You barely miss the skyshark.
The skyshark is heavily wounded.
You block the skyshark's attack.
The skyshark tail-slaps you but does no damage.
The skyshark barely misses you.
You hit the skyshark.
The skyshark is heavily wounded.
The five-headed hydra completely misses you.
The five-headed hydra misses you. x2; The five-headed hydra bites you! x2
You block the skyshark's attack. x2
The skyshark tail-slaps you but does no damage.
You hit the skyshark.
The skyshark is severely wounded.
You block the five-headed hydra's attack.
The five-headed hydra bites you!
The five-headed hydra completely misses you.
You block the five-headed hydra's attack. x2
The skyshark bites you but does no damage.
The skyshark tail-slaps you but does no damage. x2
You sock the skyshark!
The skyshark is severely wounded.
The five-headed hydra bites you.
The five-headed hydra bites you but does no damage.
You block the five-headed hydra's attack.
The five-headed hydra barely misses you.
The five-headed hydra bites you. The skyshark bites you.
The skyshark closely misses you.
The skyshark tail-slaps you but does no damage.
You sock the skyshark!
The skyshark is almost dead.
The five-headed hydra bites you but does no damage. x3
The five-headed hydra bites you.
You block the five-headed hydra's attack.
10762 ||| READING 3 scrolls of teleportation.
As you read the scroll of teleportation, it crumbles to dust.
You feel strangely unstable. The skyshark bites you!
The skyshark tail-slaps you but does no damage. x2
The five-headed hydra bites you.
You die...

## ########............
##.##...................
............#...........
.............###......#P
#............####.....##
##............#.##.....#
...............# ##.....
......l.........# ###...
.......@.........# ##P.
.......D........^.# ##.
.....=......(.....# #P
.................## ##
................## #
...............## ##
#.............## ##.
..?.........P## #.. ###


You could see a skyshark and a five-headed hydra.

Vanquished Creatures
  A two-headed ogre (D:9)
  4 elephants
  A black mamba (Lair:1)
  A cane toad (Lair:1)
  2 rime drakes (Lair:1)
  2 hornets
  A shadow (D:10)
  2 wyverns
  A basilisk (D:10)
  3 water moccasins
  2 orc warriors
  An ice beast (D:8)
  6 black bears
  An ogre (D:3)
  3 centaurs
  2 phantoms
  A kobold brigand (D:6)
  Blork the orc (D:6)
  8 bullfrogs
  A gnoll sergeant (D:7)
  3 scorpions
  An electric eel (D:6)
  4 howler monkeys (D:9)
  A hound (D:5)
  4 jellies
  A lava snake (D:9)
  7 orc priests
  2 gnoll boudas
  3 iguanas
  6 orc wizards
  16 gnolls
  10 adders
  A white imp (D:6)
  2 ufetubi (D:6)
  3 worms
  4 dart slugs
  28 orcs
  6 endoplasms
  4 giant cockroaches
  8 goblins
  6 hobgoblins
  4 jackals (D:4)
  2 quokkas
  3 ball pythons
  6 bats
  5 frilled lizards
  10 kobolds
  4 rats
198 creatures vanquished.

Notes
Turn   | Place    | Note
-------+----------+-------------------------------------------
     0 | D:1      | qw the Gargoyle Fighter began the quest for the Orb.
     0 | D:1      | Reached XP level 1. HP: 14/14 MP: 1/1
     0 | D:1      | 0 ||| qw: Version: 0.3-a-24-ga2abf7b
     0 | D:1      | 0 ||| qw: Game counter: 6997
     0 | D:1      | 0 ||| qw: Melee chars always use a shield: true
     0 | D:1      | 0 ||| qw: God list: Okawaru
     0 | D:1      | 0 ||| qw: Allow faded altars: false
     0 | D:1      | 0 ||| qw: Do Orc after clearing Dungeon:15 true
     0 | D:1      | 0 ||| qw: Do second Lair branch before Depths: true
     0 | D:1      | 0 ||| qw: Lair rune preference: random
     0 | D:1      | 0 ||| qw: Goals: Normal, Zot:1-4, Slime:5, God:TSO, Crypt,
                  | Tomb, Abyss, Pan, Hells, Win
     0 | D:1      | 0 ||| PLANNING D:1-11
    60 | D:1      | Found a faded altar of an unknown god.
   141 | D:1      | Reached skill level 2 in Axes
   389 | D:1      | Reached XP level 2. HP: 19/19 MP: 2/2
   890 | D:1      | 890 ||| UPGRADING to +2 pair of boots.
   895 | D:1      | 895 ||| UPGRADING to +0 helmet.
   900 | D:1      | 900 ||| READING scroll labelled FEPLIZOMIO.
   901 | D:1      | 901 ||| READING scroll labelled FAPOZASONTE.
   902 | D:1      | 902 ||| READING 2 scrolls labelled EDOVVIAXZI.
   972 | D:2      | 972 ||| Stepping ~*~*~tactically~*~*~ (stealth).
   978 | D:2      | Reached skill level 3 in Axes
  1042 | D:2      | Reached XP level 3. HP: 23/23 MP: 3/3
  1066 | D:2      | 1066 ||| Stepping ~*~*~tactically~*~*~ (hiding).
  1821 | D:2      | 1821 ||| UPGRADING to +0 cloak.
  1826 | D:2      | 1826 ||| DROPPING ring of flight.
  1827 | D:2      | 1827 ||| READING scroll labelled QIBROF HACUUS.
  1828 | D:2      | 1828 ||| READING scroll labelled TIOSIC BAIST.
  1829 | D:2      | 1829 ||| READING scroll labelled OKAREO KEXOEH.
  1885 | D:3      | Reached XP level 4. HP: 24/28 MP: 4/4
  1989 | D:3      | 1989 ||| Stepping ~*~*~tactically~*~*~ (hiding).
  2238 | D:3      | Reached skill level 4 in Axes
  2256 | D:3      | 2256 ||| Stepping ~*~*~tactically~*~*~ (hiding).
  2257 | D:3      | 2257 ||| Stepping ~*~*~tactically~*~*~ (hiding).
  2465 | D:3      | Found a burning altar of Makhleb.
  2548 | D:3      | Noticed an ogre
  2559 | D:3      | Killed an ogre
  2560 | D:3      | Reached skill level 5 in Axes
  2560 | D:3      | Reached XP level 5. HP: 32/32 MP: 5/5
  2753 | D:3      | 2753 ||| UPGRADING to amulet of reflection.
  2793 | D:4      | 2793 ||| Stepping ~*~*~tactically~*~*~ (hiding).
  2892 | D:4      | Reached XP level 6. HP: 38/38 MP: 6/6
  2893 | D:4      | 2893 ||| Stepping ~*~*~tactically~*~*~ (hiding).
  2934 | D:4      | Noticed a black bear
  2935 | D:4      | 2935 ||| Stepping ~*~*~tactically~*~*~ (stealth).
  2936 | D:4      | 2936 ||| Stepping ~*~*~tactically~*~*~ (stealth).
  2971 | D:4      | Reached skill level 1 in Dodging
  2985 | D:4      | 2985 ||| Stepping ~*~*~tactically~*~*~ (stealth).
  2986 | D:4      | 2986 ||| Stepping ~*~*~tactically~*~*~ (stealth).
  2987 | D:4      | 2987 ||| DROPPING +0 club.
  2998 | D:4      | Killed a black bear
  3032 | D:4      | Found a sparkling altar of Nemelex Xobeh.
  3131 | D:4      | 3131 ||| Stepping ~*~*~tactically~*~*~ (stealth).
  3134 | D:4      | Reached skill level 6 in Axes
  3199 | D:4      | 3199 ||| Stepping ~*~*~tactically~*~*~ (stealth).
  3214 | D:4      | Reached XP level 7. HP: 42/43 MP: 7/7
  3570 | D:4      | 3570 ||| READING scroll labelled SEHIAS XUCW.
  3579 | D:5      | Entered Level 5 of the Dungeon
  3584 | D:5      | 3584 ||| STAIRDANCE
  3676 | D:5      | 3676 ||| Stepping ~*~*~tactically~*~*~ (hiding).
  3703 | D:5      | 3703 ||| FLEEEEING.
  3704 | D:5      | 3704 ||| FLEEEEING.
  3707 | D:5      | 3707 ||| STAIRDANCE
  3752 | D:5      | 3752 ||| Stepping ~*~*~tactically~*~*~ (stealth).
  3877 | D:5      | 3877 ||| Stepping ~*~*~tactically~*~*~ (stealth).
  3920 | D:5      | Reached skill level 7 in Axes
  3946 | D:5      | 3946 ||| Stepping ~*~*~tactically~*~*~ (stealth).
  3976 | D:5      | Reached XP level 8. HP: 35/49 MP: 8/8
  4201 | D:5      | Reached skill level 1 in Throwing
  4233 | D:5      | 4233 ||| Stepping ~*~*~tactically~*~*~ (hiding).
  4243 | D:5      | Reached skill level 8 in Axes
  4528 | D:5      | Identified the +0 chain mail of the Good {Rampage Slay+2}
  4558 | D:5      | Found Lour Que's Assorted Antiques.
  4561 | D:5      | 4561 ||| BUYING black potion (21 gold).
  4561 | D:5      | Bought a black potion for 21 gold pieces
  4561 | D:5      | 4561 ||| BUYING clouded ivory ring (120 gold).
  4561 | D:5      | Bought a clouded ivory ring for 120 gold pieces
  4561 | D:5      | Identified the ring "Niweilerits" {Fly rF+ Str+2 Int+4
                  | Stlth+} (You bought it in a shop on level 5 of the Dungeon)
  4561 | D:5      | 4561 ||| BUYING crooked lead wand (96 gold).
  4561 | D:5      | Bought a crooked lead wand for 96 gold pieces
  4561 | D:5      | 4561 ||| BUYING fizzy clear potion (21 gold).
  4561 | D:5      | Bought a fizzy clear potion for 21 gold pieces
  4561 | D:5      | 4561 ||| SHOPLISTING scroll of enchant armour (180 gold,
                  | have 64).
  4561 | D:5      | 4561 ||| SHOPLISTING scroll of teleportation (72 gold, have
                  | 64).
  4611 | D:5      | Found a staircase to the Ecumenical Temple.
  4612 | D:5      | 4612 ||| PLANNING TEMPLE
  4612 | D:5      | 4612 ||| UPGRADING to +0 chain mail.
  4622 | D:5      | 4622 ||| DROPPING +0 scale mail.
  4623 | D:5      | 4623 ||| UPGRADING to +0 chain mail of the Good {Rampage
                  | Slay+2}.
  4633 | D:5      | 4633 ||| DROPPING +0 chain mail.
  4634 | D:5      | 4634 ||| DROPPING amulet of magic regeneration.
  4635 | D:5      | 4635 ||| UPGRADING to ring "Niweilerits" {Fly rF+ Str+2
                  | Int+4 Stlth+}.
  4636 | D:5      | 4636 ||| READING scroll labelled WYHA XOFOMUIGI.
  4637 | D:5      | 4637 ||| READING scroll labelled WOSKAGAOZOA.
  4738 | D:5      | 4738 ||| DRINKING 2 fizzy clear potions.
  4739 | D:5      | 4739 ||| DRINKING 2 sapphire potions.
  4740 | D:5      | 4740 ||| DROPPING potion of invisibility.
  4741 | D:5      | 4741 ||| DROPPING wand of mindburst (6).
  4750 | Temple   | Entered the Ecumenical Temple
  4874 | Temple   | 4874 ||| PLANNING OKAWARU WORSHIP
  4964 | Temple   | Became a worshipper of Warmaster Okawaru
  4965 | Temple   | 4965 ||| PLANNING D:1-11
  5094 | D:6      | 5094 ||| READING scroll of enchant armour.
  5094 | D:6      | 5094 ||| ENCHANTING +0 helmet.
  5151 | D:6      | Noticed Blork the orc
  5157 | D:6      | Killed Blork the orc
  5300 | D:6      | HP: 7/51 [gnoll bouda/+0 whip (7)]
  5301 | D:6      | 5301 ||| READING 2 scrolls of teleportation.
  5302 | D:6      | 5302 ||| DRINKING potion of heal wounds.
  5448 | D:6      | Reached skill level 6 in Fighting
  5533 | D:6      | 5533 ||| Stepping ~*~*~tactically~*~*~ (hiding).
  5535 | D:6      | 5535 ||| Stepping ~*~*~tactically~*~*~ (hiding).
  5705 | D:6      | 5705 ||| Stepping ~*~*~tactically~*~*~ (hiding).
  5816 | D:6      | 5816 ||| Stepping ~*~*~tactically~*~*~ (stealth).
  5821 | D:6      | Reached * piety under Okawaru
  5822 | D:6      | Reached XP level 9. HP: 50/55 MP: 9/9
  5988 | D:6      | Reached skill level 1 in Invocations
  6107 | D:6      | Reached skill level 9 in Axes
  6461 | D:7      | 6461 ||| Stepping ~*~*~tactically~*~*~ (stealth).
  6462 | D:7      | 6462 ||| Stepping ~*~*~tactically~*~*~ (hiding).
  6463 | D:7      | 6463 ||| Stepping ~*~*~tactically~*~*~ (stealth).
  6464 | D:7      | 6464 ||| Stepping ~*~*~tactically~*~*~ (hiding).
  6465 | D:7      | 6465 ||| INVOKING Heroism.
  6467 | D:7      | 6467 ||| Stepping ~*~*~tactically~*~*~ (hiding).
  6550 | D:7      | 6550 ||| READING scroll of enchant armour.
  6550 | D:7      | 6550 ||| ENCHANTING +1 helmet.
  6556 | D:7      | Reached skill level 3 in Invocations
  7233 | D:7      | 7233 ||| UPGRADING to +0 pair of gloves.
  7238 | D:7      | 7238 ||| READING 3 scrolls labelled RIROSI DUACAOC.
  7239 | D:7      | 7239 ||| DRINKING 2 red potions.
  7240 | D:7      | 7240 ||| DRINKING 2 black potions.
  7241 | D:7      | 7241 ||| DROPPING 2 scrolls of noise.
  7328 | D:8      | 7328 ||| Stepping ~*~*~tactically~*~*~ (stealth).
  7331 | D:8      | 7331 ||| Stepping ~*~*~tactically~*~*~ (stealth).
  7334 | D:8      | 7334 ||| INVOKING Heroism.
  7372 | D:8      | 7372 ||| INVOKING Heroism.
  7374 | D:8      | Noticed a hornet
  7382 | D:8      | Killed a hornet
  7448 | D:8      | 7448 ||| INVOKING Heroism.
  7478 | D:8      | 7478 ||| INVOKING Heroism.
  7712 | D:8      | 7712 ||| Stepping ~*~*~tactically~*~*~ (hiding).
  7713 | D:8      | 7713 ||| INVOKING Heroism.
  8142 | D:8      | 8142 ||| READING scroll labelled XULUMPI CENWU.
  8143 | D:8      | 8143 ||| READING scroll labelled MIOWEF TAHIFF.
  8169 | D:9      | Noticed a hornet
  8175 | D:9      | 8175 ||| INVOKING Heroism.
  8176 | D:9      | Killed a hornet
  8177 | D:9      | Reached skill level 6 in Armour
  8310 | D:9      | 8310 ||| INVOKING Heroism.
  8627 | D:9      | 8627 ||| Stepping ~*~*~tactically~*~*~ (hiding).
  8629 | D:9      | Reached XP level 10. HP: 57/63 MP: 13/13
  8670 | D:9      | Noticed a two-headed ogre
  8671 | D:9      | 8671 ||| INVOKING Heroism.
  8682 | D:9      | Killed a two-headed ogre
  8683 | D:9      | Reached skill level 10 in Axes
  9227 | D:9      | Found a stormy altar of Qazlal.
  9302 | D:9      | You are sucked into a shaft and drop 1 floor!
  9302 | D:10     | Entered Level 10 of the Dungeon
  9311 | D:10     | Noticed an elephant
  9313 | D:10     | 9313 ||| Stepping ~*~*~tactically~*~*~ (hiding).
  9330 | D:10     | Reached ** piety under Okawaru
  9339 | D:10     | Killed an elephant
  9353 | D:10     | Found a staircase to the Lair.
  9432 | D:10     | 9432 ||| DRINKING 2 pink potions.
  9432 | D:10     | Gained mutation: You are dopey. (Int -2) [potion of
                  | mutation]
  9606 | D:9      | 9606 ||| PLANNING LAIR
  9606 | D:9      | 9606 ||| DROPPING amulet of the acrobat.
  9691 | Lair:1   | Entered Level 1 of the Lair of Beasts
  9775 | Lair:1   | 9775 ||| Stepping ~*~*~tactically~*~*~ (hiding).
  9782 | Lair:1   | 9782 ||| INVOKING Heroism.
  9965 | Lair:1   | Reached skill level 11 in Axes
 10052 | Lair:1   | Noticed a cane toad
 10053 | Lair:1   | 10053 ||| INVOKING Heroism.
 10059 | Lair:1   | Killed a cane toad
 10165 | Lair:1   | Noticed an elephant
 10166 | Lair:1   | Noticed an elephant
 10166 | Lair:1   | Noticed an elephant
 10167 | Lair:1   | 10167 ||| Stepping ~*~*~tactically~*~*~ (stealth).
 10171 | Lair:1   | Noticed a black mamba
 10172 | Lair:1   | 10172 ||| INVOKING Heroism.
 10176 | Lair:1   | Killed an elephant
 10187 | Lair:1   | Killed a black mamba
 10187 | Lair:1   | Reached *** piety under Okawaru
 10188 | Lair:1   | Reached XP level 11. HP: 37/69 MP: 12/14
 10195 | Lair:1   | Reached skill level 9 in Fighting
 10204 | Lair:1   | 10204 ||| INVOKING Heroism.
 10337 | Lair:1   | 10337 ||| Stepping ~*~*~tactically~*~*~ (hiding).
 10672 | Lair:1   | 10672 ||| READING scroll labelled RAUFIU CUNUA.
 10673 | Lair:1   | 10673 ||| READING 2 scrolls of identify.
 10673 | Lair:1   | 10673 ||| IDENTIFYING brown potion
 10743 | Lair:2   | Noticed a five-headed hydra
 10743 | Lair:2   | Noticed a skyshark
 10744 | Lair:2   | 10744 ||| INVOKING Heroism.
 10748 | Lair:2   | 10748 ||| SWAPPING to +0 flail.
 10761 | Lair:2   | HP: 16/71 [five-headed hydra (4)]
 10762 | Lair:2   | 10762 ||| READING 3 scrolls of teleportation.
 10762 | Lair:2   | HP: 6/71 [skyshark (10)]
 10762 | Lair:2   | Slain by a five-headed hydra

Levels and vault maps discovered:
D:1:      dpeg_arrival_shrine, layout_loops_ring, ebering_ecumenical_altar_box,
          nrook_mini_vaults
D:2:      layout_loops_corners, minmay_misc_feat_four_crosses
D:3:      layout_basic, lightli_temple_of_fire, dk_noncrumbling_4
D:4:      layout_loops_ring, general_overflow_altar
D:5:      layout_loops_ring, temple_statues, serial_shops, kennysheep_mini,
          chequers_serial_rivers_room_a
D:6:      layout_basic, serial_bayou_lagoon_b, uniq_blork_the_orc
D:7:      layout_basic, enter_bailey_5, chequers_serial_rivers_micro_e,
          chequers_serial_rivers_micro_a
D:8:      layout_basic
D:9:      layout_layer_cave, nicolae_qazlal_scattered_showers,
          kennysheep_small_spiral
D:10:     minmay_bloctagon, layout_rooms, lemuel_round_altar,
          david_lair_generic, orc_0_dummy, dreamdust_wishing_well,
          minmay_misc_feat_pillars
Temple:   mainiacjoe_temple_bowtie_tessellation
Lair:1:   layout_loops_ring, grunt_forest_small_clearings
Lair:2:   layout_cave_pods, dummy_snake_entry, grunt_megastairs_3,
          infiniplex_staircase_pool_2

Skill      XL: |  1  2  3  4  5  6  7  8  9 10 11 |
---------------+----------------------------------+-----
Axes           | 2 3 5 6 7 8 9 11 | 11.5
Fighting       | 4 5 6 7 8 9 |  9.0
Dodging        | 1 2 |  2.5
Throwing       | 1 |  1.8
Armour         | 4 6 7 |  7.0
Invocations    | 4 |  4.2
Shields        | 4 5 |  5.1

Action                     |  1- 3 |  4- 6 |  7- 9 | 10-12 || total
---------------------------+-------+-------+-------+-------++-------
  Melee: War axe           |    90 |   113 |   356 |   119 ||   678
         Flail             |       |       |       |    13 ||    13
  Throw: Boomerang         |    37 |     1 |    55 |    38 ||   131
 Invoke: Heroism           |       |       |     8 |     6 ||    14
    Use: Scroll            |     6 |       |     9 |     3 ||    18
         Potion            |       |       |     5 |     1 ||     6
 Armour: Scale mail        |    54 |    47 |   103 |       ||   204
         Chain mail        |       |       |    97 |    89 ||   186
  Dodge: Dodged            |    37 |    31 |   122 |    60 ||   250
  Block: Buckler           |    16 |    30 |   160 |    74 ||   280
         Reflection        |       |     1 |     6 |     1 ||     8

Table legend:
 A = Non-vault XP
 B = Vault XP
 C = Vault XP percentage of total XP
 D = Non-vault monster count
 E = Vault monster count
 F = Vault count percentage of total count
                 A         B        C        D         E       F
            +---------+---------+-------+---------+---------+-------
      Total |   10076 |    1101 |   9.9 |     189 |       9 |   4.5
            +---------+---------+-------+---------+---------+-------
        D:1 |      20 |       0 |   0.0 |      15 |       0 |   0.0
        D:2 |      47 |       0 |   0.0 |      18 |       0 |   0.0
        D:3 |     189 |       0 |   0.0 |      16 |       0 |   0.0
        D:4 |     433 |       0 |   0.0 |      27 |       0 |   0.0
        D:5 |    1062 |       0 |   0.0 |      30 |       0 |   0.0
        D:6 |     791 |      91 |  10.3 |      18 |       1 |   5.3
        D:7 |     576 |       8 |   1.4 |      11 |       4 |  26.7
        D:8 |     807 |       0 |   0.0 |      21 |       0 |   0.0
        D:9 |    1656 |       0 |   0.0 |      13 |       0 |   0.0
       D:10 |     346 |    1002 |  74.3 |       5 |       4 |  44.4
     Lair:1 |    4149 |       0 |   0.0 |      15 |       0 |   0.0
            +---------+---------+-------+---------+---------+-------
